 Dungeon Crawl Stone Soup version 0.29.1-1-gd02db6906a (webtiles) character file.

Game seed: 8550118514476042396

1530 jamesp the Insei (level 8, 0/54 HPs)
             Began as an Octopode Transmuter on Oct 11, 2022.
             Slain by Duvessa
             ... wielding a +0 rapier of freezing
              (7 damage)
             ... on level 6 of the Dungeon.
             The game lasted 00:18:37 (8293 turns).

jamesp the Insei (Octopode Transmuter)              Turns: 8293, Time: 00:18:39

Health: 0/54       AC:  1    Str: 10    XL:     8   Next: 85%
Magic:  13/14      EV: 13    Int: 17    God:
Gold:   428        SH:  0    Dex: 12    Spells: 9/15 levels left

rFire   . . .      SeeInvis .     - Unarmed
rCold   . . .      Faith    .   (no shield)
rNeg    . . .      Spirit   .   (helmet currently unavailable)
rPois   .          Reflect  .   G - amulet of the acrobat
rElec   .          Harm     .   c - ring of flight
rCorr   .          Rampage  .   (no ring)
Will    .....                   (no ring)
Stlth   ++........              (no ring)
HPRegen 0.18/turn               (no ring)
MPRegen 0.14/turn               (no ring)
                                (no ring)
                                (no ring)

@: appendages, flying
A: tentacle spike 3, almost no armour, amphibious, 8 rings, camouflage 1,
gelatinous body 1, (nimble swimmer 1), tentacles
a: End Transformation


You were on level 6 of the Dungeon.
One of your tentacles had grown a beastly spike.
You visited 1 branch of the dungeon, and saw 6 of its levels.

You collected 514 gold pieces.
You spent 86 gold pieces at shops.

Inventory:

Missiles
 h - 9 poisoned darts
 i - 6 datura-tipped darts
 s - 34 stones
 u - 9 javelins
 D - an atropa-tipped dart (quivered)
 E - 3 silver javelins
Armour
 n - an orb of guile
Magical Staves
 C - a staff of cold
Jewellery
 c - a ring of flight (left tentacle)
 F - a ring of fire
 G - an amulet of the acrobat (around mantle)
Scrolls
 b - a scroll of fog
 d - a scroll of noise {unknown}
 l - a scroll of enchant armour
 o - a scroll of brand weapon {unknown}
 q - a scroll of vulnerability {unknown}
 t - 2 scrolls of amnesia {unknown}
 x - a scroll of summoning {unknown}
 y - a scroll of magic mapping {unknown}
 A - 3 scrolls of enchant weapon {unknown}
 H - a scroll of teleportation {unknown}
Potions
 e - a potion of ambrosia {unknown}
 f - 5 potions of curing
 g - 3 potions of flight
 j - 2 potions of magic {unknown}
 k - 3 potions of degeneration
 m - a potion of attraction {unknown}
 p - a potion of haste {unknown}
 w - 2 potions of invisibility {unknown}
 z - a potion of mutation {unknown}
 B - a potion of brilliance {unknown}


   Skills:
 - Level 4.0 Fighting
 - Level 2.0 Dodging
 + Level 7.0 Unarmed Combat
 - Level 4.0 Spellcasting
 + Level 6.3 Transmutations
 - Level 3.0 Poison Magic


You had 9 spell levels left.
You knew the following spells:

 Your Spells              Type           Power      Damage    Failure   Level
a - Beastly Appendage     Tmut           50%        N/A       1%          1
b - Passwall              Tmut/Erth      11%        N/A       6%          2
c - Spider Form           Tmut/Pois      19%        N/A       7%          3

Your spell library contained the following spells:

 Spells                   Type           Power      Damage    Failure   Level
 Wereblood                Tmut           25%        N/A       1%          2
 Magic Dart               Conj           12%        1d3       16%         1
 Necrotise                Necr           12%        1d4       16%         1
 Sandblast                Erth           6%         2d5       16%         1
 Call Imp                 Summ           3%         N/A       24%         2
 Mephitic Cloud           Conj/Pois/Air  6%         N/A       30%         3
 Blade Hands              Tmut           12%        N/A       32%         5
 Ice Form                 Ice/Tmut       14%        N/A       38%         4
 Portal Projectile        Hex/Tloc       6%         N/A       43%         3
 Stone Arrow              Conj/Erth      6%         3d7       43%         3
 Tukima's Dance           Hex            3%         N/A       43%         3
 Vampiric Draining        Necr           3%         2d6       43%         3
 Agony                    Necr           3%         N/A       99%         5


Dungeon Overview and Level Annotations

Branches:
Dungeon (6/15)
 Temple: D:4-7

Altars:
Gozag
Nemelex Xobeh
Trog
Vehumet
Xom

Shops:
D:1 (   D:4 *

Annotations:
D:5 exclusion: statue
D:6 Dowan, Duvessa


Innate Abilities, Weirdness & Mutations

One of your tentacles has grown a beastly spike.
You cannot wear most types of armour.
You are amphibious.
You can wear up to eight rings at the same time.
Your skin changes colour to match your surroundings (Stealth+).
Your rubbery body absorbs attacks. (AC +1, EV +1)
((You are camouflaged when in or above water. (Stealth+)))
You have tentacles for arms and can constrict up to eight enemies at once.


Message History

Duvessa appears confused.
Duvessa seems less confused.
Duvessa misses you.
You see here 2 atropa-tipped darts.
You tentacle-slap Duvessa. Your grab misses Duvessa.
Duvessa is lightly wounded.
Duvessa barely misses you.
You catch the helpless Duvessa completely off-guard!
You tentacle-slap Duvessa. You grab Duvessa. You squeeze Duvessa!
Duvessa is moderately wounded.
You constrict Duvessa, but do no damage.
Dowan whispers, "It won't be long now."
Dowan hits you from afar with a +0 glaive!
Duvessa hits you with a +0 rapier of freezing.
Duvessa freezes you.
Okay, then.
Casting: Beastly Appendage (safe; 1% risk of failure)
Confirm with . or Enter, or press ? or * to list all spells.
One of your tentacles grows a vicious spike.
You constrict Duvessa, but do no damage.
Duvessa is no longer blind.
Dowan hits you from afar with a +0 glaive.
Duvessa barely misses you.
You tentacle-slap Duvessa but do no damage.
Duvessa is moderately wounded.
You constrict Duvessa, but do no damage.
Dowan closely misses you.
Duvessa hits you with a +0 rapier of freezing!
* * * LOW HITPOINT WARNING * * *
Duvessa freezes you.
* * * LOW HITPOINT WARNING * * *
You tentacle-slap Duvessa.
You pierce Duvessa, but do no damage.
Duvessa is moderately wounded.
You constrict Duvessa, but do no damage.
You tentacle-slap Duvessa.
Duvessa is heavily wounded.
You constrict Duvessa.
Dowan hits you from afar with a +0 glaive!
* * * LOW HITPOINT WARNING * * *
Duvessa hits you with a +0 rapier of freezing!
You die...

.# .## .# .# .# .# .# .# .#
#.####.# .# ##...#...
##........ # #..ee..... ##
#(@....#.# #.# .##
#.#...##.## #.# #.#
#.##......# #.# #.### #.#
####..# #.# #...# #.# #..#
#.# .#...##########.# #..#
#.# ##.#.........##.#### #..#
#.# #
...####....##....###..#####.#
#### #.....[..)#............#


You could see Duvessa and Dowan.

Vanquished Creatures
  Pikel (D:5)
  Sigmund (D:3)
  An ice beast (D:4)
  2 lemures (D:6)
  Blork the orc (D:4)
  A scorpion (D:3)
  5 wights (D:5)
  2 jellies
  A hound (D:5)
  Crazy Yiuf (D:3)
  2 iguanas (D:6)
  A gnoll bouda (D:5)
  8 adders
  4 gnolls
  An ufetubus (D:6)
  4 worms
  4 dart slugs
  10 orcs
  4 ball pythons
  5 bats
  10 endoplasms
  2 giant cockroaches
  7 goblins
  10 hobgoblins
  4 jackals (D:1)
  2 quokkas
  12 frilled lizards
  4 kobolds
  6 rats
116 creatures vanquished.

Notes
Turn   | Place    | Note
-------+----------+-------------------------------------------
     0 | D:1      | jamesp the Octopode Transmuter began the quest for the Orb.
     0 | D:1      | Reached XP level 1. HP: 13/13 MP: 3/3
   110 | D:1      | Reached XP level 2. HP: 18/18 MP: 3/5
   273 | D:1      | Found Udax's Weapon Shoppe.
   473 | D:1      | Bought 2 poisoned darts for 11 gold pieces
   473 | D:1      | Bought 6 datura-tipped darts for 33 gold pieces
   577 | D:1      | Reached XP level 3. HP: 14/23 MP: 4/6
   820 | D:1      | Learned a level 2 spell: Passwall
  1045 | D:2      | You are sucked into a shaft and drop 1 floor!
  1541 | D:2      | Reached XP level 4. HP: 27/29 MP: 5/7
  2030 | D:2      | Found a faded altar of an unknown god.
  2554 | D:3      | Noticed a scorpion
  2566 | D:3      | Killed a scorpion
  2567 | D:3      | Reached XP level 5. HP: 24/35 MP: 7/9
  3095 | D:3      | Noticed Sigmund
  3107 | D:3      | Killed Sigmund
  3108 | D:3      | Reached skill level 4 in Unarmed Combat
  3108 | D:3      | Reached XP level 6. HP: 28/42 MP: 9/11
  3289 | D:3      | Found a runed translucent door.
  3290 | D:3      | Noticed Crazy Yiuf
  3320 | D:3      | Killed Crazy Yiuf
  3826 | D:4      | Found Peiciri's Assorted Antiques.
  3841 | D:4      | Bought a green potion for 21 gold pieces
  3841 | D:4      | Bought an orange potion for 21 gold pieces
  3881 | D:4      | Noticed Blork the orc
  4325 | D:4      | Reached XP level 7. HP: 41/46 MP: 12/12
  4418 | D:4      | Killed Blork the orc
  4858 | D:4      | Found a sparkling altar of Nemelex Xobeh.
  4969 | D:5      | Entered Level 5 of the Dungeon
  4987 | D:4      | HP: 2/69 [ice beast (10)]
  5381 | D:5      | Reached skill level 5 in Unarmed Combat
  6192 | D:5      | Identified the -1 helmet of the Sailor {rN+}
  6229 | D:5      | Found a radiant altar of Vehumet.
  6232 | D:5      | Found an opulent altar of Gozag.
  6382 | D:5      | Reached skill level 5 in Transmutations
  6382 | D:5      | Reached XP level 8. HP: 23/49 MP: 14/14
  6778 | D:6      | Noticed Duvessa
  6778 | D:6      | Noticed Dowan
  6917 | D:6      | Found a shimmering altar of Xom.
  7168 | D:6      | Found a bloodstained altar of Trog.
  7192 | D:6      | Reached skill level 6 in Unarmed Combat
  7385 | D:6      | Learned a level 3 spell: Spider Form
  7894 | D:6      | Noticed Pikel
  7924 | D:5      | Killed Pikel
  7925 | D:5      | Reached skill level 7 in Unarmed Combat
  8293 | D:6      | Slain by Duvessa

Illustrated notes

Levels and vault maps discovered:
D:1:      minmay_arrival_up_and_down, layout_rooms, serial_shops, shop
D:2:      layout_basic, ebering_ecumenical_altar_webs, minmay_lizard_pond
D:3:      layout_basic, uniq_crazy_yiuf_cottage, uniq_sigmund
D:4:      layout_basic, general_overflow_altar, serial_shops, shop,
          serial_rivers, chequers_serial_rivers_small_a,
          chequers_serial_rivers_micro_c, chequers_serial_rivers_large_b,
          chequers_serial_rivers_large_a, uniq_blork_the_orc
D:5:      layout_cave_pools, vehumet_statue, nicolae_gozag_seed_capital
D:6:      layout_loops_ring, lemuel_tele_altar,
          chequers_temple_overflow_statue_of_worship, uniq_eustachio,
          uniq_duvessa, uniq_pikel

Skill      XL: |  1  2  3  4  5  6  7  8 |
---------------+-------------------------+-----
Fighting       | 2 3 4 |  4.0
Spellcasting   | 3 4 |  4.0
Transmutations | 3 5 6 |  6.3
Unarmed Combat | 4 5 7 |  7.0
Poison Magic   | 3 |  3.0
Dodging        | |  2.0

Action                   |  1- 3 |  4- 6 |  7- 9 || total
-------------------------+-------+-------+-------++-------
Melee: Unarmed           |    95 |    94 |   130 ||   319
       Kick              |    22 |    28 |    40 ||    90
       Constrict         |    20 |    22 |    29 ||    71
       Tentacles         |    12 |    19 |    32 ||    63
       Punch             |     3 |       |     5 ||     8
Throw: Dart              |       |     2 |     5 ||     7
 Cast: Beastly Appendage |    18 |    24 |    17 ||    59
  Use: Scroll            |       |     1 |     7 ||     8
       Potion            |       |       |     6 ||     6
 Stab: Sleeping          |     1 |     8 |     1 ||    10
       Distracted        |       |     1 |       ||     1
       Invisible         |       |       |     1 ||     1
Armor: Skin              |     6 |     7 |     5 ||    18
Dodge: Dodged            |    68 |    62 |    97 ||   227
